 Dungeon Crawl Stone Soup version 0.31.0-11-ge490571c62 (webtiles) character file.

Game seed: 7531286072718599710

21 Arcadio the Sneak (level 2, -5/27 HPs)
             Began as a Draconian Delver on Jan 30, 2024.
             Killed from afar by an orc wizard (7 damage)
             ... with a puff of flame
             ... on level 5 of the Dungeon.
             The game lasted 00:00:25 (70 turns).

Arcadio the Sneak (Draconian Delver)                  Turns: 70, Time: 00:00:25

Health: -5/27      AC:  4    Str: 14    XL:     2   Next: 62%
Magic:  2/2        EV: 12    Int: 10    God:
Gold:   0          SH:  0    Dex: 10    Spells: 1/1 levels left

rFire   . . .        g - +8 flail of Liukk {flame, rC+ rN+ rCorr Dex-2}
rCold   + . .        (no shield)
rNeg    + . .        (body armour unavailable)
rPois   .            (helmet restricted)
rElec   .            (no cloak)
rCorr   +            (no gloves)
SInv    .            (no boots)
Will    .....        (no amulet)
Stlth   ++           (no ring)
HPRegen 0.24/turn    (no ring)
MPRegen 0.08/turn

%: no passive effects
@: no status effects
A: AC +4, unfitting armour, cold-blooded
a: no special abilities


You were on level 5 of the Dungeon.
You visited 1 branch of the dungeon, and saw 2 of its levels.

Inventory:

Hand Weapons
 a - a +0 mace
 g - the +8 flail of Liukk (weapon) {flame, rC+ rN+ rCorr Dex-2}
   (You found it on level 5 of the Dungeon)

   Dex-2:     It affects your dexterity (-2).
   rC+:       It protects you from cold.
   rN+:       It protects you from negative energy.
   rCorr:     It protects you from acid and corrosion.
Wands
 f - a wand of digging (3)
Scrolls
 b - a scroll of fog
 c - a scroll of revelation
 d - a scroll of fear
Potions
 e - a potion of haste


   Skills:
 + Level 3.7 Fighting
 + Level 2.4 Maces & Flails
 + Level 2.2 Dodging
 - Level 4.5 Stealth


You had one spell level left.
You didn't know any spells.
Your spell library was empty.

Dungeon Overview and Level Annotations

Branches:
Dungeon (5/15)
 Temple: D:4-7

Altars:


Innate Abilities, Weirdness & Mutations

Your plain brown scales are hard. (AC +4)
You cannot fit into any form of body armour.
You are cold-blooded and may be slowed by cold attacks.


Message History

The adder closely misses you.
You miss the adder.
The orc wizard shouts!
You tail-slap the adder, but do no damage.
The adder is severely wounded.
The adder barely misses you.
The orc wizard casts a spell.
The orc wizard flickers and vanishes!
The adder bites you.
You barely miss the adder.
The adder is severely wounded.
The adder bites you.
A magic dart appears from out of thin air!
The magic dart hits something.
The adder closely misses you.
You hit the adder. You burn the adder.
You kill the adder!
You barely miss the orc. Something hits you.
You barely miss the orc.
A puff of flame appears from out of thin air!
The puff of flame hits you. The orc misses you. Something hits you.
The orc hits you with a +0 mace. Something hits you.
You climb downwards.
Reactivating autopickup.
There is a stone staircase leading up here.
You sock the orc! You burn the orc.
You kill the orc!
Something hits you.
* * * LOW HITPOINT WARNING * * *
Deactivating autopickup; reactivate with Ctrl-A.
Something hits you but does no damage.
Things that are here:
a +0 mace; an orc corpse Something hits you.
* * * LOW HITPOINT WARNING * * *
Something hits you.
* * * LOW HITPOINT WARNING * * *
There is a stone staircase leading down here.
You hear some strange, mumbled words.
A puff of flame appears from out of thin air!
The puff of flame hits you!
You die...

############
#..........#####
..###♣♣.♣♣.....#####...#
.## ♣.~♣♣####...#.#.....
)# ♣~~♣♣ #..@.......# .#
♣P~P♣ #.{...##...#
.♣♣♣♣♣P~P♣♣♣♣♣W##..#....
.P.♣~.~~~♣.♣~♣).......#
..~~~~~.~~~.~.<.......###
#♣♣♣~♣~~~PPP~P...........
♣♣♣.~P♣♣♣♣♣#...#...).
♣P~P♣ ###.#..... ♣~~P♣
#.....#.


You could see a phantom.

Vanquished Creatures
  2 adders
  An orc (D:5)
3 creatures vanquished.

Notes
Turn   | Place    | Note
-------+----------+-------------------------------------------
     0 | D:5      | Arcadio the Draconian Delver began the quest for the Orb.
     0 | D:5      | Reached XP level 1. HP: 19/19 MP: 1/1
     3 | D:5      | Identified the +8 flail of Liukk {flame, rC+ rN+ rCorr
                  | Dex-2}
    16 | D:5      | Reached XP level 2. HP: 26/26 MP: 2/2
    48 | D:5      | Noticed a phantom
    70 | D:5      | Killed from afar by an orc wizard

Illustrated notes

Levels and vault maps discovered:
D:4:      layout_basic, minmay_temple_entry_junction,
          hangedman_decor_diamond_cutter, nrook_mini_vaults, lemuel_flame_loot_1
D:5:      layout_cave_pools, hellmonk_ghost_happy_afterlife, serial_bayou,
          serial_bayou_shore_b, serial_bayou_lagoon_b, serial_bayou_crossing,
          serial_bayou_shore_b, grunt_decor_junction, minmay_manual_monstrance,
          uniq_sigmund

Skill      XL: |  1 |
---------------+----+-----
Dodging        | 2 |  2.2
Fighting       | |  3.7
Maces & Flails | |  2.4
Stealth        | |  4.5

Action                     || total
---------------------------++-------
  Melee: Flail             ||    12
         Tailslap          ||     1
 Armour: Skin              ||    17
  Dodge: Dodged            ||     6
